[Event "Early-Titled-Tuesday-Blitz-March-05-2024"]
[Site "Chess.com"]
[Date "2024.03.05"]
[Round "10"]
[White "Kapitan_Bayan"]
[Black "Bulatova_Kamaliya"]
[Result "0-1"]
[WhiteElo "2279"]
[BlackElo "2434"]
[TimeControl "180+1"]
[EndTime "9:57:51 PST"]
[Termination "Bulatova_Kamaliya won on time"]

1. e4 e6 2. d4 d5 3. Nc3 Nf6 4. e5 Nfd7 5. f4 c5 6. Nf3 Nc6 7.
Be3 a6 8. Ne2 b5 9. c3 c4 10. Ng3 f5 11. Ng5 Nb6 12. Qh5+ g6 13. Qh3 Qc7 14. Nh5 Na4 15. Nf6+ Kd8 16. Be2 h6 17.
O-O Qg7 18. Nf3 Nxb2 19. Nh4 g5 20. Nxf5 exf5 21. Nxd5 Be6 22. Nb6 g4 23. Qh5 Ra7 24. d5 Nxe5 25. fxe5 Qxe5 26. Bd4 Qxe2 27. Rae1 Qd2 28.
dxe6 Rg8 29. Nd5 Nd3 0-1

[Event "Early-Titled-Tuesday-Blitz-March-05-2024"]
[Site "Chess.com"]
[Date "2024.03.05"]
[Round "10"]
[White "Chesstiger64"]
[Black "dosto07"]
[Result "1-0"]
[WhiteElo "2401"]
[BlackElo "2552"]
[TimeControl "180+1"]
[EndTime "9:57:52 PST"]
[Termination "Chesstiger64 won by checkmate"]

1. d4 d5 2. Nf3 Nf6 3. e3 c5 4. c3 Nc6 5. Nbd2 e6 6. Bd3 Bd6 7. O-O O-O 8. dxc5 Bxc5 9. e4 dxe4 10. Nxe4 Nxe4 11. Bxe4 Qxd1 12. Rxd1 Rd8 13. Be3 Bxe3 14.
Rxd8+ Nxd8 15. fxe3 Bd7 16. Rd1 Bc6 17. Bxc6 Nxc6 18.
Rd7 Rb8 19. Nd4 Ne5 20. Rc7 a6 21. Kf1 Kf8 22. Ke2 Ke8 23. Nf3 Kd8 24. Rc5 Nxf3 25.
gxf3 b6 26. Rc4 Kd7 27. Kd3 b5 28. Rc5 Rb6 29. b4 Rd6+ 30. Kc2 f5 31. a4 Rc6 32.
Re5 Rb6 33. Kb3 Kd6 34. f4 g5 35. c4 bxc4+ 36. Kxc4 gxf4 37. exf4 Rc6+ 38. Rc5 Rb6 39. b5 axb5+ 40. axb5 Rb7 41. Rc6+ Kd7 42. Kc5 h5 43. b6 h4 44. Rd6+ Ke7 45. Rc6 Kd7 46. h3 Ke7 47. Rc7+ Rxc7+ 48. bxc7 Kd7 49. Kb6 Kc8 50. Kc6 e5 51.
fxe5 f4 52. e6 f3 53. e7 f2 54. e8=R# 1-0

[Event "Early-Titled-Tuesday-Blitz-March-05-2024"]
[Site "Chess.com"]
[Date "2024.03.05"]
[Round "10"]
[White "only_strong_moves"]
[Black "StrackedAktonamee"]
[Result "0-1"]
[WhiteElo "2563"]
[BlackElo "2502"]
[TimeControl "180+1"]
[EndTime "9:57:52 PST"]
[Termination "StrackedAktonamee won by resignation"]

1. d4 d5 2. Nc3 e6 3. Bf4 Bd6 4. e3 Nf6 5. Nf3 c5 6. Ne5 O-O 7. Be2 a6 8. O-O Qc7 9. Bg3 Nc6 10. f4 cxd4 11. exd4 Nxd4 12. Bd3 Nc6 13. Qe2 Qb6+ 14. Kh1 Qxb2 15. Qd2 Bb4 16. Rab1 Qxc3 17. Qe2 Bd6 18. Qf3 Kh8 19. Rfe1 Nd4 20. Qf2 Nf5 21. Bh4 Ne4 22.
Bxe4 dxe4 23. Rxe4 b5 24. Rb3 Qa1+ 25. Re1 Qxa2 26.
Rd3 Bxe5 27. fxe5 Bb7 28. Kg1 Rac8 29. Rd2 Nxh4 30. Qxh4 Qc4 31. Qf2 Bd5 32. Re3 a5 33. Rh3 a4 34. Qe1 a3 35. c3 a2 36. Qa1 Qb3 37. Rb2 Qc4 38. Rb4 Qe2 39. Rb2 Qxe5 40. Rc2 b4 41. Re3 Qxe3+ 42. Kh1 b3 0-1

[Event "Early-Titled-Tuesday-Blitz-March-05-2024"]
[Site "Chess.com"]
[Date "2024.03.05"]
[Round "10"]
[White "effefe"]
[Black "Felix-Rose"]
[Result "0-1"]
[WhiteElo "2380"]
[BlackElo "2292"]
[TimeControl "180+1"]
[EndTime "9:57:53 PST"]
[Termination "Felix-Rose won by resignation"]

1. d4 d5 2. c4 e6 3. Nc3 Nf6 4. cxd5 exd5 5. Bg5 c6 6. e3 Be7 7. Bd3 Nbd7 8. Qc2 h6 9. Bh4 Nh5 10. Bxe7 Qxe7 11. Nge2 Nb6 12. O-O-O Be6 13. h3 O-O-O 14. g4 Nf6 15. Ng3 g6 16. Kb1 Kb8 17. Rc1 Rc8 18. Na4 Nxa4 19. Qxa4 h5 20. g5 Nd7 21. h4 Nb6 22. Qa5 Rhd8 23. Rc3 Nc4 24. Bxc4 dxc4 25. Ra3 b6 26. Qc3 b5 27. Qa5 Qc7 28. Qxc7+ Rxc7 29. Ka1 Kb7 30. Rc1 Kb6 31. Ne4 a5 32. Rac3 b4 33.
Rxc4 Bxc4 34. Rxc4 Rd5 35. a3 bxa3 36. bxa3 Re7 37.
Nc5 Rf5 38. Rc2 f6 39. Rb2+ Ka7 40. e4 Rf3 41. gxf6 Rxf6 42. e5 Rf4 43. Rd2 Rxh4 44. Nb3 Rh3 45. Ka2 a4 46. Nc5 Rh1 47. Nxa4 h4 48. Rc2 h3 49. Rxc6 h2 50. Nc5 Ra1+ 51.
Kxa1 h1=Q+ 0-1

[Event "Early-Titled-Tuesday-Blitz-March-05-2024"]
[Site "Chess.com"]
[Date "2024.03.05"]
[Round "10"]
[White "TheAlienParty"]
[Black "JonasEilenberg"]
[Result "0-1"]
[WhiteElo "2397"]
[BlackElo "2548"]
[TimeControl "180+1"]
[EndTime "9:57:54 PST"]
[Termination "JonasEilenberg won by resignation"]

1. c4 e6 2. Nf3 d5 3. e3 Nf6 4. b3 Be7 5. Bb2 O-O 6. cxd5 exd5 7. Bd3 Bg4 8. Qc2 Nbd7 9. Ne5 Nxe5 10. Bxe5 c6 11. Nc3 h6 12. h3 Be6 13. f4 Bd6 14.
Bxd6 Qxd6 15. Ne2 Rac8 16. Nd4 c5 17. Nf5 Bxf5 18. Bxf5 Rc7 19. Rc1 Re8 20. O-O c4 21. bxc4 dxc4 22. Rfd1 g6 23. Bd3 Rec8 24. Be2 b5 25.
Bf3 a6 26. Qc3 Rd8 27. Rc2 Nd5 28. Qa5 Nb4 29. Rb2 Nd3 30. Rbb1 Rcd7 31. a4 b4 32. Be2 b3 33. Qc3 Qe6 34. a5 Rc7 35.
Rxb3 Nxf4 36. Bf1 Nd5 37. Bxc4 Nxc3 38. Bxe6 Nxd1 39. Bg4 Rxd2 40. Rb8+ Kg7 41. e4 Ne3 42. Bf3 Rc1+ 43. Kh2 Nxg2 44. Bxg2 Rcc2 45. Kg3 Rxg2+ 46. Kf4 Rcf2+ 47. Ke5 Rb2 48. Ra8 Rb5+ 49. Kd6 Rxa5 50. Ke7 Re2 51. Ra7 Rxe4+ 52. Kd6 Re6+ 53. Kd7 Rd5+ 54.
Kc8 Rc6+ 55. Kb8 Rd8+ 56. Kb7 Rd7+ 57. Kxc6 Rxa7 0-1

[Event "Early-Titled-Tuesday-Blitz-March-05-2024"]
[Site "Chess.com"]
[Date "2024.03.05"]
[Round "10"]
[White "UnTucopalaTimba"]
[Black "ricaurtelopezj1955"]
[Result "0-1"]
[WhiteElo "1987"]
[BlackElo "2143"]
[TimeControl "180+1"]
[EndTime "9:57:57 PST"]
[Termination "ricaurtelopezj1955 won on time"]

1. e4 c5 2. Nf3 d6 3. Bb5+ Bd7 4.
Bxd7+ Nxd7 5. O-O g6 6. c3 c4 7. d4 cxd3 8. Qxd3 Bg7 9. Re1 Nh6 10. h3 O-O 11. Na3 Rc8 12. Nc2 Nc5 13. Qd1 Qb6 14. Ncd4 Qa6 15. Bg5 f6 16. Bxh6 Bxh6 17. b4 Na4 18. Qb3+ Kh8 19. b5 Qa5 20. c4 Nc5 21. Qd1 Qc3 22. Ne2 Qxc4 23. Nd2 Qxb5 24. Nd4 Qd3 25. N4b3 Na4 26. Nf3 Rc3 27. Qe2 Rfc8 28. Rad1 Qxe2 29. Rxe2 Rc2 30. Nfd4 Rxe2 31. Nxe2 Rc2 32.
Ned4 Rxa2 33. Ne6 Kg8 34. Nbd4 Nc3 35. Re1 b5 36. f4 b4 37. Rc1 Kf7 0-1

[Event "Early-Titled-Tuesday-Blitz-March-05-2024"]
[Site "Chess.com"]
[Date "2024.03.05"]
[Round "10"]
[White "ActorXu"]
[Black "BogdanDeac"]
[Result "1-0"]
[WhiteElo "2865"]
[BlackElo "2975"]
[TimeControl "180+1"]
[EndTime "9:58:00 PST"]
[Termination "ActorXu won on time"]

1. e4 e5 2. Nf3 Nc6 3. Bc4 Nf6 4. d3 Bc5 5. O-O d6 6. c3 a5 7. Nbd2 O-O 8. h3 h6 9. Bb5 Ba7 10. Re1 Ne7 11. d4 Ng6 12. Bd3 Re8 13. Nf1 d5 14.
dxe5 Nxe4 15. Be3 Bxe3 16. Nxe3 c6 17. c4 Be6 18. cxd5 cxd5 19. Rc1 Qb6 20. Qb3 Qxb3 21. axb3 Rec8 22. Rcd1 Nf4 23. Nd4 Nxd3 24. Rxd3 a4 25.
b4 g6 26. h4 Kh7 27. Ne2 d4 28. Rxd4 a3 29. bxa3 Nc3 30. Nf4 Rc6 31. Nxe6 Rxe6 32. Rd7 Kg7 33. Nc4 b5 34. Nd6 Rxa3 35. Nxf7 Kf8 36.
Nxh6 Re7 37. e6 Ra8 38. Ng4 Na2 39. Re4 1-0

[Event "Early-Titled-Tuesday-Blitz-March-05-2024"]
[Site "Chess.com"]
[Date "2024.03.05"]
[Round "10"]
[White "scarabee43"]
[Black "Yeritsyaan"]
[Result "0-1"]
[WhiteElo "2872"]
[BlackElo "2643"]
[TimeControl "180+1"]
[EndTime "9:58:00 PST"]
[Termination "Yeritsyaan won on time"]

1. Nf3 Nf6 2. c4 c5 3. Nc3 b6 4.
g3 Bb7 5. Bg2 e6 6. O-O a6 7. b3 d6 8. Re1 Be7 9. e4 Nbd7 10. d4 cxd4 11. Nxd4 Qc7 12. a4 O-O 13. Be3 Rfe8 14. Rc1 Rac8 15. Qc2 Qb8 16. Qb1 Bf8 17. h3 Qa8 18. Kh2 Nc5 19. f3 g6 20. Re2 Bg7 21. a5 bxa5 22. Ra2 Qb8 23. Rxa5 d5 24.
cxd5 exd5 25. Bf4 Qa7 26. e5 Nh5 27. b4 Nxf4 28. gxf4 Ne6 29. Nxe6 fxe6 30. Qd3 Bh6 31. Qd2 Rc4 32. Ne2 Rxc1 33. Qxc1 Qf2 34. Qf1 Qe3 35. b5 axb5 36. Ra7 Qxa7 37. Qb1 Qc5 38. h4 Qc4 39. Bf1 Bxf4+ 40. Kg2 Bxe5 41. h5 Qh4 42. f4 d4+ 43. Kg1 Bxf4 44. Nxf4 Qxf4 45. hxg6 Qg3+ 0-1

[Event "Early-Titled-Tuesday-Blitz-March-05-2024"]
[Site "Chess.com"]
[Date "2024.03.05"]
[Round "10"]
[White "RobertoJBM"]
[Black "cristianserban1"]
[Result "1-0"]
[WhiteElo "2826"]
[BlackElo "2516"]
[TimeControl "180+1"]
[EndTime "9:58:00 PST"]
[Termination "RobertoJBM won on time"]

1. d4 Nf6 2. Nf3 d5 3. e3 a6 4.
b3 e6 5. c4 c5 6. Be2 dxc4 7.
Bxc4 b5 8. Be2 Bb7 9. a4 bxa4 10. Rxa4 cxd4 11. Rxd4 Qb6 12. O-O Bc5 13. Rh4 O-O 14. Nc3 Be7 15. Bb2 Nc6 16. Na4 Qd8 17. Qa1 Na5 18. b4 Nb3 19. Qb1 h6 20. Rd1 Qe8 21.
Bxf6 Bxf6 22. Qxb3 Bxf3 23. Bxf3 Bxh4 24. Bxa8 Qxa8 25.
Nc5 Be7 26. Qc4 a5 27. Ra1 Rd8 28. h3 Qc6 29. Rxa5 Rd1+ 30. Kh2 Bd6+ 31. f4 Rd2 32.
Qe4 Qc7 33. Ra8+ Bf8 34. Qe5 Qc6 35. Qe4 Qc7 36. Qb7 Qxb7 37. Nxb7 Rb2 38. Nc5 1-0

[Event "Early-Titled-Tuesday-Blitz-March-05-2024"]
[Site "Chess.com"]
[Date "2024.03.05"]
[Round "10"]
[White "Kildepiotr"]
[Black "aridannie"]
[Result "1-0"]
[WhiteElo "2695"]
[BlackElo "2470"]
[TimeControl "180+1"]
[EndTime "9:58:00 PST"]
[Termination "Kildepiotr won on time"]

1. Nf3 Nf6 2. g3 g6 3. Bg2 Bg7 4. O-O O-O 5. d4 d6 6. Nbd2 Nbd7 7. e4 c5 8. c3 a6 9. Qe2 e5 10. dxe5 Nxe5 11. Nxe5 dxe5 12. Nc4 Qc7 13. a4 b6 14. Bg5 Be6 15. Rfd1 b5 16. axb5 axb5 17. Ne3 Rxa1 18. Rxa1 h6 19. Bxf6 Bxf6 20. Qxb5 Rb8 21. Qe2 Qb6 22.
Bf1 Qxb2 23. Qxb2 Rxb2 24. Bc4 Bxc4 25. Nxc4 Rc2 26. Ra3 h5 27. h4 Re2 28. Ne3 Re1+ 29. Kg2 Kg7 30. Ra5 Be7 31. Ra7 Bf8 32. Kf3 Rc1 33.
Nd5 Rc2 34. Rc7 Rc1 35. Ke2 Rc2+ 36. Ke3 Rc1 37. Kd2 Rf1 38. Ke2 Rc1 39. Rb7 Rc2+ 40.
Kf3 Rc1 41. Rb2 Rf1 42. Ke2 Rc1 43. Kd3 Rf1 44. Kc4 Rd1 45. Ne3 Rc1 46. Rd2 Rb1 47. Rd5 f6 48. Rd7+ Kg8 49. Kd5 Rc1 50. Ke6 Bg7 51. Nd5 Rf1 52. Nxf6+ Bxf6 53. Kxf6 Rxf2+ 54. Kxg6 Kf8 55. Rd3 c4 56. Re3 Ke7 57. Kxh5 Kf6 58. g4 Rf4 59. g5+ Kg7 60. Re1 Rf3 61. Ra1 Rxc3 62. Ra7+ Kf8 63. g6 Rg3 64. Kh6 c3 65. g7+ Ke8 66. Ra8+ Kf7 67. Rf8+ Ke7 68. g8=Q Rxg8 69.
Rxg8 1-0

[Event "Early-Titled-Tuesday-Blitz-March-05-2024"]
[Site "Chess.com"]
[Date "2024.03.05"]
[Round "10"]
[White "abelmat"]
[Black "martinmena"]
[Result "0-1"]
[WhiteElo "2049"]
[BlackElo "2287"]
[TimeControl "180+1"]
[EndTime "9:58:01 PST"]
[Termination "martinmena won on time"]

1. d4 d5 2. c4 e6 3. Nf3 Nf6 4. Nc3 Be7 5. Bf4 O-O 6. e3 a6 7. c5 b6 8. b4 Bb7 9. Bd3 a5 10. a3 bxc5 11. bxc5 Ba6 12. O-O Nc6 13. Nb5 Ne8 14.
h3 Qd7 15. Qc2 f5 16. Rfb1 Na7 17. Ne5 Qd8 18. Nxa7 Bxd3 19. Qxd3 Rxa7 20. Nc6 Qa8 21. Nxe7+ Kf7 22. Bg5 h6 23. Bf4 Kxe7 24. Rb5 Kd7 25.
Rab1 Nf6 26. Be5 Qc6 27. a4 Raa8 28. Qe2 Ne4 29. Qh5 Nc3 30. Qg6 Nxb1 31. Qxg7+ Ke8 32. Rxb1 Qd7 33. Qxh6 Qf7 34. Qf4 Rg8 0-1

[Event "Early-Titled-Tuesday-Blitz-March-05-2024"]
[Site "Chess.com"]
[Date "2024.03.05"]
[Round "10"]
[White "viktorgen2021"]
[Black "Hui_Li_Macau"]
[Result "0-1"]
[WhiteElo "2472"]
[BlackElo "2398"]
[TimeControl "180+1"]
[EndTime "9:58:02 PST"]
[Termination "Hui_Li_Macau won by resignation"]

1. d4 d5 2. Nf3 Nf6 3. c4 e6 4. e3 c5 5. cxd5 exd5 6. Nc3 Nc6 7. Be2 Bg4 8. O-O Bxf3 9. Bxf3 cxd4 10. exd4 Be7 11.
Re1 O-O 12. a3 Re8 13. Be3 Bf8 14. Rc1 Rc8 15. Bg5 Rxe1+ 16. Qxe1 Nxd4 17. Bxd5 h6 18. Rd1 hxg5 19. Rxd4 Qb6 20. Rd2 Bxa3 21. Qa1 Bb4 22. Bf3 g4 23. Be2 Rd8 24. Qd1 Rxd2 25. Qxd2 g6 26. Bc4 Kg7 27. Qc2 Qc5 28. Qb3 Bxc3 29.
Qxc3 b5 30. Bd3 Qxc3 31. bxc3 a6 32. Kf1 Nd5 33. c4 Nf4 34. Bc2 bxc4 35. g3 Nd3 36. Ke2 Ne5 37. Ke3 f5 38. Kd4 Kf6 39. Ke3 Ke7 40.
Kd4 Kd6 41. Bb1 Nf3+ 42. Ke3 Nxh2 43. Kd4 Nf3+ 44. Kc3 Kc5 45. Ba2 Ne5 46. Bb1 a5 47.
Bc2 Nd3 48. Ba4 Nxf2 49. Be8 Ne4+ 50. Kc2 Nxg3 51. Bxg6 Ne4 52. Bxf5 Nf6 53. Kc3 g3 54. Bh3 Ne4+ 55. Kc2 Kd4 56. Bg2 a4 57. Kb2 Nd6 58. Ka3 Nf5 59. Kxa4 Ne3 60. Bh3 g2 0-1

[Event "Early-Titled-Tuesday-Blitz-March-05-2024"]
[Site "Chess.com"]
[Date "2024.03.05"]
[Round "10"]
[White "MagnusCarlsen"]
[Black "Indianlad"]
[Result "1/2-1/2"]
[WhiteElo "3268"]
[BlackElo "3035"]
[TimeControl "180+1"]
[EndTime "9:58:03 PST"]
[Termination "Game drawn by repetition"]

1. Nf3 Nf6 2. g3 c5 3. Bg2 Nc6 4. O-O e5 5. d3 d5 6. Na3 Be7 7. e4 O-O 8. c3 dxe4 9. dxe4 h6 10. Nc4 Qc7 11. Ne3 Rd8 12. Nd5 Nxd5 13. exd5 c4 14.
Re1 Be6 15. dxe6 Rxd1 16. exf7+ Kxf7 17. Rxd1 Rd8 18. Re1 Kg8 19. Be3 b5 20. h4 a6 21.
a4 b4 22. Rad1 Rxd1 23. Rxd1 bxc3 24. bxc3 Na5 25. Rd5 Bf6 26. Rc5 Qd8 27. Nxe5 Bxe5 28. Rxe5 Nb3 29. Kh2 Qd3 30. Bd5+ Kf8 31. h5 Qxc3 32.
Bf4 Qd4 33. Rf5+ Ke7 34. Bg8 Qxf2+ 35. Kh3 Qf1+ 36. Kh4 Qh1+ 37. Kg4 Qd1+ 38. Kh4 c3 39. Re5+ Kf6 40. Bd5 c2 41. Re6+ Kf5 42. Re5+ Kf6 43. Re6+ Kf5 44. Re5+ Kf6 1/2-1/2

[Event "Early-Titled-Tuesday-Blitz-March-05-2024"]
[Site "Chess.com"]
[Date "2024.03.05"]
[Round "10"]
[White "Roman_Ovetchkin"]
[Black "ChessQueen"]
[Result "0-1"]
[WhiteElo "2591"]
[BlackElo "2768"]
[TimeControl "180+1"]
[EndTime "9:58:04 PST"]
[Termination "ChessQueen won on time"]

1. d4 f5 2. c4 Nf6 3. Nc3 g6 4. h4 Bg7 5. h5 Nxh5 6. e4 Nf6 7. e5 Ng8 8. Nf3 d6 9. Bf4 c5 10. d5 dxe5 11. Bxe5 Nf6 12. Bd3 Nbd7 13. Bf4 e5 14. dxe6 Nb6 15. Qe2 Qe7 16. Ng5 O-O 17. O-O-O h6 18.
Nf7 h5 19. Bd6 Qxe6 20. Bxf8 Bxf8 21. Qxe6 Bxe6 22. Ne5 Kh7 23. Rhe1 Bh6+ 24. Kc2 Re8 25. g3 Bg7 26. Nb5 Bg8 27. Nf3 Ne4 28. Bxe4 fxe4 29. Rxe4 Rxe4 30. Ng5+ Kh6 31. Nxe4 Bxc4 32. Nbd6 Bxa2 33.
b3 c4 34. bxc4 Bxc4 35. Nxb7 Bd5 36. Nbd6 a5 37. Kd3 a4 38. Nc3 Bb3 39. Rb1 Nd7 40. Nde4 Ne5+ 41. Ke2 Nc4 0-1

[Event "Early-Titled-Tuesday-Blitz-March-05-2024"]
[Site "Chess.com"]
[Date "2024.03.05"]
[Round "10"]
[White "GilbertoHernandezAmura"]
[Black "Kotlyar_K"]
[Result "0-1"]
[WhiteElo "2463"]
[BlackElo "2602"]
[TimeControl "180+1"]
[EndTime "9:58:04 PST"]
[Termination "Kotlyar_K won by resignation"]

1. c4 e5 2. g3 c6 3. Bg2 d5 4. b3 Nf6 5. Bb2 Bd6 6. e3 O-O 7. Ne2 Bf5 8. d4 e4 9. h3 h5 10. Nbc3 Na6 11. a3 Re8 12. Nf4 Bxf4 13. gxf4 Qd7 14.
c5 Nc7 15. Bf1 b6 16. cxb6 axb6 17. Na4 Rab8 18. Rc1 b5 19. Nc5 Qe7 20. b4 Nd7 21. Qxh5 g6 22. Qd1 Nb6 23. h4 Nc4 24. Bxc4 dxc4 25.
h5 Nd5 26. hxg6 fxg6 27. Kd2 Kg7 28. Qe2 Rh8 29. Rcg1 Qa7 30. f3 c3+ 31. Bxc3 Nxc3 32. Kxc3 Qxa3+ 33. Kd2 Qxb4+ 34. Kd1 Ra8 35. Qc2 Ra1+ 36.
Ke2 exf3+ 37. Kxf3 Bxc2 38. Rxa1 Rxh1 39. Rxh1 Qc4 40.
Rh4 b4 41. f5 Bxf5 42. e4 Qxd4 43. e5 Qxh4 0-1

[Event "Early-Titled-Tuesday-Blitz-March-05-2024"]
[Site "Chess.com"]
[Date "2024.03.05"]
[Round "10"]
[White "db-banana"]
[Black "Doublekk14"]
[Result "1/2-1/2"]
[WhiteElo "2462"]
[BlackElo "2362"]
[TimeControl "180+1"]
[EndTime "9:58:06 PST"]
[Termination "Game drawn by repetition"]

1. e4 c5 2. Nf3 e6 3. d3 d5 4. exd5 exd5 5. d4 Nf6 6. Bb5+ Nc6 7. O-O Be7 8. dxc5 O-O 9. Bxc6 bxc6 10. Be3 Ne4 11.
Nbd2 Nxc5 12. Bxc5 Bxc5 13. Nb3 Bd6 14. Qd2 Qf6 15. c3 Bg4 16. Qg5 Qxg5 17. Nxg5 h6 18. Nf3 Bxf3 19. gxf3 Rab8 20. Rfe1 Rfe8 21. Re3 Kf8 22.
Rd1 Bf4 23. Rxe8+ Kxe8 24. h3 Kd7 25. Rd4 Bd6 26. Ra4 Rb7 27. Rg4 g6 28. Kf1 c5 29. c4 d4 30. Re4 a5 31. Re2 a4 32.
Nc1 Rb4 33. b3 axb3 34. axb3 Rb8 35. Rb2 Ra8 36. Nd3 Ra1+ 37. Kg2 Rd1 38. Nxc5+ Bxc5 39. b4 Kc6 40. bxc5 Kxc5 41. Rb7 Kxc4 42. Rxf7 Re1 43.
Rf6 Re5 44. f4 Rd5 45. Rxg6 d3 46. Rc6+ Kb3 47. Rb6+ Kc2 48. Rc6+ Kb3 49. Rb6+ Kc4 50. Rc6+ Rc5 51. Rd6 Rd5 52. Rc6+ 1/2-1/2

[Event "Early-Titled-Tuesday-Blitz-March-05-2024"]
[Site "Chess.com"]
[Date "2024.03.05"]
[Round "10"]
[White "ansko1999"]
[Black "Practical-Play"]
[Result "1-0"]
[WhiteElo "2711"]
[BlackElo "2529"]
[TimeControl "180+1"]
[EndTime "9:58:07 PST"]
[Termination "ansko1999 won on time"]

1. Nf3 Nf6 2. b3 b6 3. Bb2 Bb7 4. g3 g6 5. Bg2 Bg7 6. O-O O-O 7. c4 c5 8. d4 cxd4 9. Qxd4 Nc6 10. Qh4 d6 11. Nbd2 Qc8 12. Bh3 Qc7 13. Rad1 Rad8 14. Ba1 d5 15. cxd5 Rxd5 16. Qc4 Rfd8 17. Qc2 Bc8 18. Bg2 Rc5 19. Qb1 Ba6 20. Rfe1 Nb4 21. Bd4 Rcd5 22. Rc1 Qd6 23. Bc3 e5 24. Nc4 Qe7 25.
Bxe5 Bxc4 26. bxc4 Ra5 27. Bc3 Ra4 28. Qb3 b5 29.
cxb5 Nxa2 30. Qxa4 Nxc1 31. Rxc1 Qxe2 32. Nd4 Qd3 33. Nc6 Re8 34. Bxf6 Bxf6 35. Qd1 Qf5 36. Bf1 Bg5 37. Rb1 h5 38. Bd3 Qh3 39. Bf1 Qf5 40. Qd3 Qf6 41. Rd1 1-0

[Event "Early-Titled-Tuesday-Blitz-March-05-2024"]
[Site "Chess.com"]
[Date "2024.03.05"]
[Round "10"]
[White "Bkmzzzzz"]
[Black "Lady_Nika"]
[Result "1-0"]
[WhiteElo "2435"]
[BlackElo "2543"]
[TimeControl "180+1"]
[EndTime "9:58:07 PST"]
[Termination "Bkmzzzzz won on time"]

1. e4 b6 2. d3 Bb7 3. Nd2 e6 4. g3 Nf6 5. Bg2 d5 6. Qe2 Be7 7. Ngf3 O-O 8. O-O c5 9. e5 Nfd7 10. Re1 b5 11. h4 Nc6 12. Nf1 a5 13. h5 Qc7 14. Bf4 Qb6 15. h6 g6 16. N1h2 Rae8 17. Ng4 Nd8 18. Bg5 Bxg5 19. Nxg5 f6 20. exf6 Qd6 21.
f4 Nxf6 22. Ne5 Nd7 23. Bh3 Nxe5 24. Qxe5 Qxe5 25. Rxe5 Bc8 26. Rae1 Nc6 27. Bxe6+ Bxe6 28. Rxe6 Rxe6 29. Rxe6 Rc8 30. Rd6 Nd4 31. Rd7 Nf5 32.
Rxh7 c4 33. dxc4 dxc4 34. g4 c3 35. bxc3 Nd6 36. Rg7+ Kh8 37. Rxg6 Ne8 38. Re6 Nc7 39. Re7 Nd5 40. Rh7+ Kg8 41. Rg7+ Kf8 42. Ne6+ Ke8 43. h7 1-0

[Event "Early-Titled-Tuesday-Blitz-March-05-2024"]
[Site "Chess.com"]
[Date "2024.03.05"]
[Round "10"]
[White "Viacheslav92"]
[Black "Austen48"]
[Result "1-0"]
[WhiteElo "2532"]
[BlackElo "2311"]
[TimeControl "180+1"]
[EndTime "9:58:08 PST"]
[Termination "Viacheslav92 won on time"]

1. e4 c5 2. Nf3 e6 3. g3 Nc6 4. Bg2 d5 5. e5 d4 6. O-O Nge7 7. Re1 Nf5 8. d3 Be7 9. h4 h6 10. h5 O-O 11. a4 Rb8 12. Bf4 b6 13. g4 g5 14. gxf5 gxf4 15. f6 Bxf6 16. exf6 Qxf6 17. Qe2 Kh8 18. Ne5 Ne7 19. Ng4 Qg7 20.
Qe5 f6 21. Qxf4 Nf5 22. Qxb8 Qxg4 23. f3 Qg5 24. Qh2 Ne3 25. Nd2 Nxc2 26. Ne4 Qg7 27. Kh1 f5 28. Nd6 Rg8 29. Nxc8 Rxc8 30. Rac1 Nxe1 31.
Rxe1 Kh7 32. Rg1 Qf6 33. f4 Rg8 34. Bf3 Qf7 35. Rxg8 Qxg8 36. Qg2 Qf8 37. Qg6+ Kh8 38. Qxe6 Kh7 39. Qg6+ Kh8 40. b3 a6 41. Bd5 b5 42.
axb5 axb5 43. Kg2 1-0

[Event "Early-Titled-Tuesday-Blitz-March-05-2024"]
[Site "Chess.com"]
[Date "2024.03.05"]
[Round "10"]
[White "MANOJ_MISHRA123"]
[Black "Gryffindorac8"]
[Result "0-1"]
[WhiteElo "2256"]
[BlackElo "2385"]
[TimeControl "180+1"]
[EndTime "9:58:10 PST"]
[Termination "Gryffindorac8 won by resignation"]

1. d4 Nf6 2. Bg5 d5 3. e3 Ne4 4.
Bf4 c5 5. dxc5 Nc6 6. f3 Nxc5 7. Nc3 e5 8. Bg3 Be6 9. Bb5 f6 10. Nge2 Be7 11. O-O O-O 12. b3 Rc8 13. e4 d4 14. Nd5 Kh8 15. c4 d3 16. Nc1 a6 17.
Bxc6 bxc6 18. Nxe7 Qxe7 19. Nxd3 Rfd8 20. Nxc5 Rxd1 21. Rfxd1 Qxc5+ 22. Bf2 Qe7 23. Bb6 c5 24. a4 h6 25. a5 f5 26. Rd2 fxe4 27. fxe4 Rf8 28.
Rad1 Rf4 29. Re1 Qb7 30. Rde2 Qc6 31. Re3 Kh7 32. g3 Rf7 33. Rd3 Rd7 34. Rxd7 Bxd7 35. Kf2 Bg4 36. Ke3 Qd6 37. Kf2 Qd2+ 38. Kf1 Bh3+ 0-1

[Event "Early-Titled-Tuesday-Blitz-March-05-2024"]
[Site "Chess.com"]
[Date "2024.03.05"]
[Round "10"]
[White "FREDERICKtheMATE"]
[Black "bancsoo"]
[Result "0-1"]
[WhiteElo "2721"]
[BlackElo "2916"]
[TimeControl "180+1"]
[EndTime "9:58:11 PST"]
[Termination "bancsoo won by checkmate"]

1. d4 d5 2. c4 c6 3. Nc3 Nf6 4. Nf3 e6 5. e3 a6 6. a3 Nbd7 7. c5 g6 8. Bd3 Bg7 9. O-O O-O 10. b4 Qe7 11. Bb2 e5 12. dxe5 Nxe5 13. Nd4 h5 14. Be2 h4 15. Na4 Bd7 16. Nb6 Rae8 17. h3 Ne4 18. f4 Nc4 19. Bxc4 dxc4 20. Nxc4 Be6 21. Qc2 Bxc4 22. Qxc4 Nd2 23. Qd3 Nxf1 24. Rxf1 Qxe3+ 25. Qxe3 Rxe3 26. Nc2 Rd3 27. Bxg7 Kxg7 28. Rf2 Re8 29.
Kh2 f5 30. Kg1 Re4 31. a4 Kf6 32. a5 Ke6 33. Kh2 Kd5 34. Kg1 Kc4 35. Kh2 Kc3 36.
Kg1 Rd2 37. Rxd2 Kxd2 38. Na3 Rxb4 39. Kf2 Kc3 40. Kf3 Kb2 41. Kf2 Kxa3 42. Kf3 Ka4 43.
Kf2 Kxa5 44. Kf3 Kb5 45. Kf2 Kxc5 46. Kf3 a5 47. Kf2 a4 48. Kf3 a3 49. Kf2 a2 50.
Kf3 a1=Q 51. Kf2 Rc4 52. Kf3 b5 53. Kf2 b4 54. Kf3 b3 55. Kf2 b2 56. Kf3 b1=Q 57.
Kf2 Kb5 58. Kf3 Rd4 59. Kf2 c5 60. Kf3 c4 61. Kf2 c3 62. Kf3 c2 63. Kf2 c1=Q 64. Kf3 g5 65. Kf2 g4 66. Ke2 g3 67. Kf3 Rxf4+ 68. Ke2 Qd3+ 69. Kxd3 Qac3+ 70. Ke2 Qd3+ 71. Kxd3 Qc4+ 72. Kd2 Qd4+ 73. Kc2 Rf2+ 74. Kb3 Ka6 75. Ka3 Rf3+ 76. Ka2 Qb4 77. gxf3 g2 78. f4 Qb5 79.
Ka3 g1=Q 80. Ka2 Qg4 81. Ka3 Qb6 82. hxg4 h3 83. gxf5 h2 84. f6 h1=Q 85. f7 Qf3+ 86. Ka2 Qbb3+ 87. Ka1 Qfc3# 0-1

[Event "Early-Titled-Tuesday-Blitz-March-05-2024"]
[Site "Chess.com"]
[Date "2024.03.05"]
[Round "10"]
[White "ATM622"]
[Black "ljuks68"]
[Result "0-1"]
[WhiteElo "2510"]
[BlackElo "2423"]
[TimeControl "180+1"]
[EndTime "9:58:11 PST"]
[Termination "ljuks68 won by checkmate"]

1. d4 d5 2. c4 c6 3. Nf3 Nf6 4. Nbd2 Bf5 5. Nh4 Bg4 6. h3 Bh5 7.
g4 Bg6 8. Nxg6 hxg6 9. Bg2 e6 10. O-O Nbd7 11. b3 Be7 12. Bb2 O-O 13. Kh1 c5 14. dxc5 Nxc5 15. cxd5 Nxd5 16. Nc4 Nf4 17. Ne5 Qxd1 18. Raxd1 Nxe2 19. Nd7 Rfd8 20. Nxc5 Bxc5 21.
Bxb7 Rab8 22. Bf3 Nd4 23. Bg2 e5 24. Rfe1 f6 25. Rc1 Bb4 26. Red1 Ne2 27. Ra1 Nf4 28. Bf1 Rbc8 29. Bc4+ Kh7 30. Kh2 Bc5 31. Kg3 g5 32.
Kf3 Kg6 33. Ba6 Rb8 34. Bf1 Rbc8 35. Rac1 Bb6 36. Bc4 Nxh3 37. Be6 Rxc1 38. Rxc1 Nf4 39. Bf5+ Kf7 40. Be4 Rd2 41. Rc2 Rd1 42. b4 Rh1 43.
Kg3 Rh3# 0-1

[Event "Early-Titled-Tuesday-Blitz-March-05-2024"]
[Site "Chess.com"]
[Date "2024.03.05"]
[Round "10"]
[White "IlanSchnaider"]
[Black "Nuvas"]
[Result "0-1"]
[WhiteElo "2656"]
[BlackElo "2808"]
[TimeControl "180+1"]
[EndTime "9:58:13 PST"]
[Termination "Nuvas won by resignation"]

1. e4 e5 2. Nf3 Nc6 3. d4 exd4 4. Nxd4 Qf6 5. Nf3 Bb4+ 6. c3 Bc5 7. Be2 h6 8. O-O d6 9. b4 Bb6 10. a4 a6 11. a5 Ba7 12. Bb2 Nge7 13. Nbd2 O-O 14.
Qc2 Ng6 15. c4 Nd4 16. Nxd4 Bxd4 17. Bxd4 Qxd4 18. Nb3 Qf6 19. g3 Bh3 20. Rfe1 Rfe8 21. Bf1 Bxf1 22. Rxf1 Ne5 23. f4 Nc6 24. b5 Nd4 25.
Nxd4 Qxd4+ 26. Kg2 Rxe4 27. Rfd1 Qxc4 28. Qxc4 Rxc4 29. b6 cxb6 30. axb6 Rc6 31. Rab1 Rd8 32. Rd5 Rc5 33. Rd4 d5 34. Kf3 Rd6 35. Ke3 Rc3+ 36.
Kd2 Rcc6 37. Ke3 Rxb6 38. Rxb6 Rxb6 39. Rxd5 g6 40. Rd7 a5 41. Rd8+ Kg7 42. Ra8 Rb5 43. h3 h5 44. Kf3 b6 45. g4 Rb3+ 46. Kg2 hxg4 47. hxg4 Rb4 48. Kf3 a4 49. Ke3 b5 50.
Ra7 Rb3+ 51. Ke4 a3 52. f5 gxf5+ 53. gxf5 b4 54. Ke5 Rb2 55. f6+ Kg6 56. Ra8 Re2+ 57. Kf4 a2 58. Rg8+ Kxf6 59. Ra8 b3 60. Kf3 Rc2 61. Ra6+ Kg7 62. Ke3 b2 63. Rxa2 b1=Q 64. Rxc2 Qxc2 0-1